Islanders vs MapleLeafs

Created - Saturday, January 09, 2016 at 00:19

Goals
1 2 3 T
Islanders 1 1 1 3
MapleLeafs 1 0 0 1
Shots
1 2 3 T
Islanders 11 6 7 24
MapleLeafs 5 8 13 26

1st period

1. Islanders , Erik Karlsson 26 (Jamie Benn, Dustin Brown) at 2:24 (PP)
2. MapleLeafs , James van Riemsdyk 18 (Alexander Steen, James Neal) at 9:33 (PP)

Penalties :
Brandon Prust (Tor) for Tripping (Minor) at 2:03, Erik Gudbranson (Tor) for Roughing (Minor) at 6:46, Travis Hamonic (NYI) for Holding (Minor) at 9:12, Erik Gudbranson (Tor) for Hooking (Minor) at 18:17

2nd period

3. Islanders , Patrik Berglund 4 (Dustin Brown) at 5:25

Penalties :
Mikko Koivu (Tor) for Roughing (Minor) at 5:30, David Krejci (NYI) for Hooking (Minor) at 10:04, David Booth (NYI) for Roughing (Minor) at 14:26, Carl Hagelin (NYI) for Holding (Minor) at 19:59

3rd period

4. Islanders , Frans Nielsen 6 (Erik Karlsson, Carl Hagelin) at 2:21 (PP)

Penalties :
James van Riemsdyk (Tor) for Roughing (Minor) at 0:42, Paul Gaustad (NYI) for Hooking (Minor) at 3:14, Morgan Rielly (Tor) for Interference (Minor) at 8:27, Dalton Prout (NYI) for Hooking (Minor) at 16:55, Drew Doughty (Tor) for Holding (Minor) at 17:01

Goalie Stats

Braden Holtby (NYI), 25 saves from 26 shots - (0.962), W, 23-9-2, 60:00 minutes
Cory Schneider (Tor), 21 saves from 24 shots - (0.875), L, 19-10-1, 60:00 minutes

Players Stats for Islanders

Player Name              G  A  P  +/- PIM S  H  SB GA TA FO     MP     PP MP  PK MP  
------------------------------------------------------------------------------------
Brandon Pirri            0  0  0   0  0   1  0  0  0  0  0/1    16:36   5:11   0:00 
Carl Hagelin             0  1  1   0  2   0  0  2  0  1  0/0    14:46   3:35   0:00 
Dalton Prout             0  0  0   0  2   0  2  0  0  2  0/0    14:56   0:06   3:01 
David Booth              0  0  0   0  2   0  0  0  0  0  0/0     9:16   0:00   0:35 
David Krejci             0  0  0   0  2   0  1  0  2  1  10/17  21:39   5:08   2:46 
Dustin Brown             0  2  2   1  0   1  1  1  1  0  1/1    16:34   5:16   0:47 
Erik Karlsson            1  1  2   0  0   6  2  1  1  2  0/0    28:54   8:25   4:00 
Frans Nielsen            1  0  1   0  0   3  0  1  0  0  5/10   16:36   3:38   0:35 
Jamie Benn               0  1  1   0  0   4  3  0  1  0  0/1    19:08   5:08   0:24 
Kyle Quincey             0  0  0   0  0   0  1  1  1  0  0/0    15:27   0:00   0:00 
Lauri Korpikoski         0  0  0   0  0   2  2  0  0  2  0/0    13:31   0:00   5:21 
Marcel Goc               0  0  0   0  0   2  1  0  2  0  1/4     8:25   0:00   0:24 
Mirco Mueller            0  0  0   1  0   0  1  1  0  0  0/0    12:22   0:10   0:00 
Patrik Berglund          1  0  1   1  0   2  0  0  3  0  0/0     9:58   0:00   0:00 
Paul Gaustad             0  0  0   1  2   2  0  1  0  1  8/15   13:50   0:00   3:22 
Rob Scuderi              0  0  0   1  0   1  0  5  0  3  0/0    22:15   3:24   4:27 
Travis Hamonic           0  0  0   0  2   0  2  1  0  1  0/0    20:41   0:17   2:46 
Tyler Ennis              0  0  0   0  0   0  0  0  3  0  0/0    14:44   3:32   0:00 

Players Stats for MapleLeafs

Player Name              G  A  P  +/- PIM S  H  SB GA TA FO     MP     PP MP  PK MP  
------------------------------------------------------------------------------------
Alexander Steen          0  1  1   0  0   2  0  0  1  0  11/23  22:24   3:59   6:06 
Brandon Prust            0  0  0   0  2   2  0  0  0  1  0/0    10:40   0:00   0:54 
Dainius Zubrus           0  0  0  -1  0   0  0  1  0  0  0/0    15:11   3:08   1:54 
Dan Girardi              0  0  0   0  0   5  3  2  0  3  0/0    27:10   4:56   5:56 
Dominic Moore            0  0  0   0  0   2  2  1  1  0  2/4    15:16   0:00   2:17 
Drew Doughty             0  0  0   0  2   1  0  1  1  0  0/0    25:47   4:55   5:50 
Erik Gudbranson          0  0  0   0  4   0  2  0  0  1  0/0    13:35   0:00   0:03 
James Neal               0  1  1   0  0   2  3  0  4  0  0/0    13:14   3:59   0:00 
James van Riemsdyk       1  0  1   0  2   1  1  1  1  0  0/1    13:13   3:58   0:00 
Jeff Skinner             0  0  0   0  0   2  3  0  1  0  0/0    11:32   0:00   0:06 
Justin Williams          0  0  0  -1  0   1  0  0  4  0  0/1    12:06   3:08   0:00 
Karl Alzner              0  0  0  -1  0   2  2  1  0  0  0/0    20:03   2:11   2:50 
Lee Stempniak            0  0  0   0  0   0  2  1  1  0  0/0    11:23   0:00   0:00 
Marc-Edouard Vlasic      0  0  0  -1  0   1  2  1  0  2  0/0    20:03   2:11   2:50 
Matt Beleskey            0  0  0   0  0   2  2  0  0  1  0/0    11:55   0:00   1:19 
Mikko Koivu              0  0  0  -1  2   2  0  0  3  0  9/15   19:51   3:08   4:56 
Morgan Rielly            0  0  0   0  2   1  1  0  0  1  0/0    14:53   0:00   0:03 
Zack Smith               0  0  0   0  0   0  0  0  0  0  2/5     9:42   0:00   0:00 

3 Stars

1 - Braden Holtby (NYI)
2 - Erik Karlsson (NYI)
3 - Dustin Brown (NYI)

Power Play

Islanders - 2 on 7 Attempt(s) - 28.57%
MapleLeafs - 1 on 6 Attempt(s) - 16.67%

Penalty Kill

Islanders - 5 on 6 Attempt(s) - 83.33% - Score 0 goal in Penalty Kill
MapleLeafs - 5 on 7 Attempt(s) - 71.43% - Score 0 goal in Penalty Kill

Team Stat

Islanders - Hits : 16 - Faceoff Wins : 25 - Blocked Shots : 14 - Penalty Minutes : 12
MapleLeafs - Hits : 23 - Faceoff Wins : 24 - Blocked Shots : 9 - Penalty Minutes : 14

Official

Referees : Unknown
Linesman : Unknown

Game Notes

No Game Note

Finance

Level 1 -- Attendance: 5937 (98.95%) -- Ticket Income $474,960
Level 2 -- Attendance: 4294 (85.88%) -- Ticket Income $227,582
Level 3 -- Attendance: 1952 (97.60%) -- Ticket Income $54,656
Level 4 -- Attendance: 4000 (100.00%) -- Ticket Income $68,000
Luxury Box -- Attendance: 959 (95.90%) -- Ticket Income $168,784
Game was played at the Air Canada Centre.
Total Attendance: 17142 (95.23%)
Total Ticket Income: $993,982
Other Income: $487,051
Total Income: $1,481,033

Islanders

5 vs 5 Forward 
   Center                   Left Wing                Right Wing               Time % Phy DF OF 
 1 David Krejci             Jamie Benn               Brandon Pirri            33     1   2  2  
 2 Frans Nielsen            Carl Hagelin             Tyler Ennis              29     1   2  2  
 3 Paul Gaustad             Dustin Brown             Patrik Berglund          23     1   2  2  
 4 Marcel Goc               David Booth              Lauri Korpikoski         15     1   2  2  

5 vs 5 Defense 
   Defense                  Defense                                           Time % Phy DF OF 
 1 Erik Karlsson            Dalton Prout                                      33     1   2  2  
 2 Kyle Quincey             Travis Hamonic                                    30     1   2  2  
 3 Mirco Mueller            Rob Scuderi                                       24     1   2  2  
 4 Erik Karlsson            Rob Scuderi                                       13     1   2  2  

PowerPlay Forward 
   Center                   Left Wing                Right Wing               Time % Phy DF OF 
 1 David Krejci             Jamie Benn               Brandon Pirri            70     1   2  2  
 2 Frans Nielsen            Carl Hagelin             Tyler Ennis              30     1   2  2  

PowerPlay Defense
   Defense                  Defense                                           Time % Phy DF OF 
 1 Erik Karlsson            Dustin Brown                                      60     1   2  2  
 2 Erik Karlsson            Rob Scuderi                                       40     1   2  2  

Penalty Kill 4 Players Forward 
   Center                   Wing                     Time % Phy DF OF 
 1 Paul Gaustad             Lauri Korpikoski         60     1   2  2  
 2 Marcel Goc               Jamie Benn               40     1   2  2  

Penalty Kill 4 Players Defense
   Defense                  Defense                  Time % Phy DF OF 
 1 Erik Karlsson            Rob Scuderi              50     1   2  2  
 2 Dalton Prout             Travis Hamonic           50     1   2  2  

Penalty Kill - 3 Players Forward 
   Forward                                           Time % Phy DF OF 
 1 Paul Gaustad                                      60     1   2  2  
 2 Marcel Goc                                        40     1   2  2  

Penalty Kill - 3 Players Defense
   Defense                  Defense                  Time % Phy DF OF 
 1 Rob Scuderi              Erik Karlsson            50     1   2  2  
 2 Dalton Prout             Travis Hamonic           50     1   2  2  

4 vs 4 Forward 
   Center                   Wing                     Time % Phy DF OF 
 1 David Krejci             Jamie Benn               60     1   2  2  
 2 Frans Nielsen            Brandon Pirri            40     1   2  2  

4 vs 4 Defense
   Defense                  Defense                  Time % Phy DF OF 
 1 Erik Karlsson            Dalton Prout             60     1   2  2  
 2 Travis Hamonic           Rob Scuderi              40     1   2  2  

Last Minutes Offensive
   Center                   Left Wing                Right Wing               Defense                  Defense                  
   David Krejci             Jamie Benn               Brandon Pirri            Erik Karlsson            Travis Hamonic           

Last Minutes Defensive
   Center                   Left Wing                Right Wing               Defense                  Defense                  
   Paul Gaustad             Marcel Goc               Carl Hagelin             Rob Scuderi              Dalton Prout             

Goaltenders
Starting : Braden Holtby            
Backup : Andrew Hammond           

Extra Forwards
Normal : Jamie Benn, Carl Hagelin, Dustin Brown - PP : David Krejci, Jamie Benn - PK : Lauri Korpikoski
Extra Defensemen
Normal : Erik Karlsson, Dalton Prout, Travis Hamonic - PP : Erik Karlsson - PK : Rob Scuderi, Dalton Prout
Penalty Shots
Jamie Benn, Frans Nielsen, Tyler Ennis, Dustin Brown, Erik Karlsson

MapleLeafs

5 vs 5 Forward 
   Center                   Left Wing                Right Wing               Time % Phy DF OF 
 1 Alexander Steen          James van Riemsdyk       James Neal               35     0   1  4  
 2 Mikko Koivu              Dainius Zubrus           Justin Williams          30     0   2  3  
 3 Dominic Moore            Jeff Skinner             Lee Stempniak            22     2   1  2  
 4 Zack Smith               Matt Beleskey            Brandon Prust            13     0   3  2  

5 vs 5 Defense 
   Defense                  Defense                                           Time % Phy DF OF 
 1 Drew Doughty             Dan Girardi                                       36     1   2  2  
 2 Marc-Edouard Vlasic      Karl Alzner                                       26     1   2  2  
 3 Morgan Rielly            Erik Gudbranson                                   19     2   2  1  
 4 Drew Doughty             Dan Girardi                                       19     0   3  2  

PowerPlay Forward 
   Center                   Left Wing                Right Wing               Time % Phy DF OF 
 1 Alexander Steen          James van Riemsdyk       James Neal               60     0   1  4  
 2 Mikko Koivu              Dainius Zubrus           Justin Williams          40     0   1  4  

PowerPlay Defense
   Defense                  Defense                                           Time % Phy DF OF 
 1 Drew Doughty             Dan Girardi                                       74     0   2  3  
 2 Marc-Edouard Vlasic      Karl Alzner                                       26     2   1  2  

Penalty Kill 4 Players Forward 
   Center                   Wing                     Time % Phy DF OF 
 1 Alexander Steen          Mikko Koivu              60     0   5  0  
 2 Dominic Moore            Dainius Zubrus           40     0   4  1  

Penalty Kill 4 Players Defense
   Defense                  Defense                  Time % Phy DF OF 
 1 Drew Doughty             Dan Girardi              60     2   3  0  
 2 Marc-Edouard Vlasic      Karl Alzner              40     2   3  0  

Penalty Kill - 3 Players Forward 
   Forward                                           Time % Phy DF OF 
 1 Dominic Moore                                     60     0   5  0  
 2 Dainius Zubrus                                    40     0   5  0  

Penalty Kill - 3 Players Defense
   Defense                  Defense                  Time % Phy DF OF 
 1 Drew Doughty             Dan Girardi              60     2   3  0  
 2 Marc-Edouard Vlasic      Karl Alzner              40     2   3  0  

4 vs 4 Forward 
   Center                   Wing                     Time % Phy DF OF 
 1 Alexander Steen          Mikko Koivu              60     0   2  3  
 2 James van Riemsdyk       James Neal               40     0   2  3  

4 vs 4 Defense
   Defense                  Defense                  Time % Phy DF OF 
 1 Drew Doughty             Dan Girardi              60     1   2  2  
 2 Marc-Edouard Vlasic      Karl Alzner              40     2   3  0  

Last Minutes Offensive
   Center                   Left Wing                Right Wing               Defense                  Defense                  
   Alexander Steen          James van Riemsdyk       James Neal               Drew Doughty             Dan Girardi              

Last Minutes Defensive
   Center                   Left Wing                Right Wing               Defense                  Defense                  
   Alexander Steen          James van Riemsdyk       James Neal               Drew Doughty             Dan Girardi              

Goaltenders
Starting : Cory Schneider           
Backup : Martin Jones             

Extra Forwards
Normal : Dominic Moore, Jeff Skinner, Matt Beleskey - PP : Dominic Moore, Jeff Skinner - PK : Matt Beleskey
Extra Defensemen
Normal : Morgan Rielly, Erik Gudbranson, Marc-Edouard Vlasic - PP : Morgan Rielly - PK : Erik Gudbranson, Marc-Edouard Vlasic
Penalty Shots
Alexander Steen, Mikko Koivu, James van Riemsdyk, James Neal, Dainius Zubrus

% Time on Ice - Islanders

Lines # - Real PCT - Wanted PCT - Time Play
Normal Forward
1 - 28% - 33% - 11:27
2 - 28% - 29% - 11:32
3 - 24% - 23% - 9:58
4 - 20% - 15% - 8:01
Normal Defense
1 - 30% - 33% - 12:27
2 - 40% - 30% - 16:12
3 - 26% - 24% - 10:43
4 - 4% - 13% - 1:36
PP Forward
1 - 59% - 70% - 5:08
2 - 41% - 30% - 3:38
PP Defense
1 - 61% - 60% - 5:22
2 - 39% - 40% - 3:24
PK Forward
1 - 94% - 60% - 6:43
2 - 6% - 40% - 0:24
PK Defense
1 - 56% - 50% - 4:00
2 - 44% - 50% - 3:07
PK3 Forward
1 - 0% - 60%
2 - 0% - 40%
PK3 Defense
1 - 0% - 50%
2 - 0% - 50%
44 Forward
1 - 90% - 60% - 2:50
2 - 10% - 40% - 0:19
44 Defense
1 - 80% - 60% - 2:31
2 - 20% - 40% - 0:38
Last Minute Offensive  - 0:00
Last Minute Defensive  - 0:00
Total
Forward - 60:00
Defense - 60:00

% Time on Ice - MapleLeafs

Lines # - Real PCT - Wanted PCT - Time Play
Normal Forward
1 - 23% - 35% - 9:21
2 - 26% - 30% - 10:32
3 - 28% - 22% - 11:23
4 - 24% - 13% - 9:42
Normal Defense
1 - 31% - 36% - 12:34
2 - 33% - 26% - 13:39
3 - 31% - 19% - 12:47
4 - 5% - 19% - 1:58
PP Forward
1 - 56% - 60% - 3:59
2 - 44% - 40% - 3:08
PP Defense
1 - 69% - 74% - 4:56
2 - 31% - 26% - 2:11
PK Forward
1 - 78% - 60% - 6:52
2 - 22% - 40% - 1:54
PK Defense
1 - 68% - 60% - 5:56
2 - 32% - 40% - 2:50
PK3 Forward
1 - 0% - 60%
2 - 0% - 40%
PK3 Defense
1 - 0% - 60%
2 - 0% - 40%
44 Forward
1 - 100% - 60% - 3:09
2 - 0% - 40% - 0:00
44 Defense
1 - 56% - 60% - 1:46
2 - 44% - 40% - 1:23
Last Minute Offensive  - 0:00
Last Minute Defensive  - 0:00
Total
Forward - 60:00
Defense - 60:00

Play by Play

1st period


0:01 of 1st period - David Krejci wins face-off versus Alexander Steen in neutral zone.
0:04 of 1st period - Snap shot by Jamie Benn.
0:04 of 1st period - Shot Misses the Net.
0:32 of 1st period - Snap shot by James van Riemsdyk.
0:32 of 1st period - Deflect By Alexander Steen.
0:32 of 1st period - Deflect By Jamie Benn.
0:32 of 1st period - Shot Misses the Net.
0:32 of 1st period - Puck is out of play.
0:33 of 1st period - Mikko Koivu wins face-off versus Frans Nielsen in Islanders zone.
0:38 of 1st period - Snap shot by Justin Williams.
0:38 of 1st period - Stopped by Braden Holtby with a rebound.
0:40 of 1st period - Slapshot by Marc-Edouard Vlasic.
0:40 of 1st period - Shot Hit the Post.
0:42 of 1st period - Slapshot by Marc-Edouard Vlasic.
0:42 of 1st period - Shot Blocked by Kyle Quincey.
0:44 of 1st period - Snap shot by Dainius Zubrus.
0:44 of 1st period - Shot Hit the Post.
0:46 of 1st period - Snap shot by Marc-Edouard Vlasic.
0:46 of 1st period - Stopped by Braden Holtby without a rebound.
0:47 of 1st period - Mikko Koivu wins face-off versus Frans Nielsen in Islanders zone.
1:34 of 1st period - Snap shot by Dustin Brown.
1:34 of 1st period - Shot Blocked by Dominic Moore.
1:52 of 1st period - Slapshot by Patrik Berglund.
1:52 of 1st period - Shot Blocked by Marc-Edouard Vlasic.
1:54 of 1st period - Snap shot by Paul Gaustad.
1:54 of 1st period - Shot Misses the Net.
1:56 of 1st period - Wrist shot by Paul Gaustad.
1:56 of 1st period - Stopped by Cory Schneider without a rebound.
1:57 of 1st period - Marcel Goc wins face-off versus Zack Smith in MapleLeafs zone.
2:03 of 1st period - Minor Penalty to Brandon Prust for Tripping.
2:04 of 1st period - Alexander Steen wins face-off versus David Krejci in MapleLeafs zone.
2:24 of 1st period - Slapshot by Erik Karlsson.
2:24 of 1st period - Deflect By Drew Doughty.
2:24 of 1st period - Goal by Erik Karlsson - Islanders : 1 - MapleLeafs : 0.
2:25 of 1st period - Alexander Steen wins face-off versus David Krejci in neutral zone.
2:32 of 1st period - Snap shot by Jamie Benn.
2:32 of 1st period - Stopped by Cory Schneider with a rebound.
2:34 of 1st period - Slapshot by Erik Karlsson.
2:34 of 1st period - Deflect By Drew Doughty.
2:34 of 1st period - Stopped by Cory Schneider without a rebound.
2:35 of 1st period - Alexander Steen wins face-off versus David Krejci in MapleLeafs zone.
2:44 of 1st period - Snap shot by James Neal.
2:44 of 1st period - Shot Misses the Net.
3:11 of 1st period - Snap shot by Jamie Benn.
3:11 of 1st period - Stopped by Cory Schneider with a rebound.
3:27 of 1st period - Rob Scuderi is hit by Matt Beleskey and loses puck.
3:40 of 1st period - Brandon Prust is hit by Marcel Goc and loses puck.
4:07 of 1st period - Snap shot by Travis Hamonic.
4:07 of 1st period - Shot Misses the Net.
4:09 of 1st period - Slapshot by Kyle Quincey.
4:09 of 1st period - Shot Misses the Net.
4:11 of 1st period - Slapshot by Kyle Quincey.
4:11 of 1st period - Shot Misses the Net.
4:21 of 1st period - Travis Hamonic is hit by Dominic Moore and loses puck.
5:17 of 1st period - Dainius Zubrus is hit by Dalton Prout and loses puck.
5:54 of 1st period - Snap shot by Alexander Steen.
5:54 of 1st period - Stopped by Braden Holtby without a rebound.
5:55 of 1st period - Zack Smith wins face-off versus Marcel Goc in Islanders zone.
6:46 of 1st period - Minor Penalty to Erik Gudbranson for Roughing.
6:47 of 1st period - David Krejci wins face-off versus Alexander Steen in MapleLeafs zone.
7:43 of 1st period - Dan Girardi is hit by Dustin Brown and loses puck.
8:02 of 1st period - Snap shot by Frans Nielsen.
8:02 of 1st period - Stopped by Cory Schneider with a rebound.
8:08 of 1st period - Wrist shot by Erik Karlsson.
8:08 of 1st period - Deflect By Frans Nielsen.
8:08 of 1st period - Shot Misses the Net.
8:08 of 1st period - Puck is out of play.
8:09 of 1st period - Alexander Steen wins face-off versus David Krejci in MapleLeafs zone.
8:35 of 1st period - Slapshot by Drew Doughty.
8:35 of 1st period - Shot Misses the Net.
8:46 of 1st period - Penalty to Erik Gudbranson is over, Erik Gudbranson is back on ice.
9:12 of 1st period - Minor Penalty to Travis Hamonic for Holding.
9:13 of 1st period - Alexander Steen wins face-off versus Paul Gaustad in Islanders zone.
9:33 of 1st period - Wrist shot by Alexander Steen.
9:33 of 1st period - Deflect By James van Riemsdyk.
9:33 of 1st period - Goal by James van Riemsdyk - Islanders : 1 - MapleLeafs : 1.
9:34 of 1st period - Mikko Koivu wins face-off versus Paul Gaustad in neutral zone.
9:43 of 1st period - Snap shot by Mikko Koivu.
9:43 of 1st period - Stopped by Braden Holtby without a rebound.
9:44 of 1st period - Mikko Koivu wins face-off versus Paul Gaustad in Islanders zone.
9:53 of 1st period - Wrist shot by Patrik Berglund.
9:53 of 1st period - Stopped by Cory Schneider with a rebound.
10:47 of 1st period - Slapshot by Jamie Benn.
10:47 of 1st period - Shot Misses the Net.
12:15 of 1st period - Snap shot by Lauri Korpikoski.
12:15 of 1st period - Stopped by Cory Schneider with a rebound.
12:17 of 1st period - Snap shot by Marcel Goc.
12:17 of 1st period - Stopped by Cory Schneider with a rebound.
12:19 of 1st period - Wrist shot by Erik Karlsson.
12:19 of 1st period - Shot Misses the Net.
12:21 of 1st period - Snap shot by Lauri Korpikoski.
12:21 of 1st period - Stopped by Cory Schneider without a rebound.
12:22 of 1st period - Paul Gaustad wins face-off versus Mikko Koivu in MapleLeafs zone.
12:37 of 1st period - Slapshot by Justin Williams.
12:37 of 1st period - Deflect By Mikko Koivu.
12:37 of 1st period - Shot Blocked by Dustin Brown.
12:37 of 1st period - Puck is out of play.
12:38 of 1st period - Paul Gaustad wins face-off versus Mikko Koivu in Islanders zone.
13:31 of 1st period - Mirco Mueller is hit by James Neal and loses puck.
14:18 of 1st period - Snap shot by Frans Nielsen.
14:18 of 1st period - Shot Misses the Net.
14:20 of 1st period - Wrist shot by Frans Nielsen.
14:20 of 1st period - Stopped by Cory Schneider with a rebound.
16:32 of 1st period - Snap shot by Kyle Quincey.
16:32 of 1st period - Deflect By Jamie Benn.
16:32 of 1st period - Shot Blocked by Dainius Zubrus.
16:32 of 1st period - Puck is out of play.
16:33 of 1st period - Mikko Koivu wins face-off versus David Krejci in MapleLeafs zone.
16:40 of 1st period - Wrist shot by Mikko Koivu.
16:40 of 1st period - Shot Blocked by Travis Hamonic.
17:40 of 1st period - Carl Hagelin is hit by Jeff Skinner and loses puck.
18:05 of 1st period - Snap shot by Carl Hagelin.
18:05 of 1st period - Shot Misses the Net.
18:07 of 1st period - Snap shot by Carl Hagelin.
18:07 of 1st period - Shot Misses the Net.
18:09 of 1st period - Slapshot by Mirco Mueller.
18:09 of 1st period - Shot Misses the Net.
18:17 of 1st period - Minor Penalty to Erik Gudbranson for Hooking.
18:18 of 1st period - Frans Nielsen wins face-off versus Alexander Steen in MapleLeafs zone.
18:21 of 1st period - Snap shot by Erik Karlsson.
18:21 of 1st period - Shot Blocked by Drew Doughty.
Goals for this period are 1 for Islanders vs 1 for MapleLeafs.
Shots for this period are 11 for Islanders vs 5 for MapleLeafs.

2nd period


0:01 of 2nd period - Alexander Steen wins face-off versus David Krejci in neutral zone.
0:17 of 2nd period - Penalty to Erik Gudbranson is over, Erik Gudbranson is back on ice.
0:28 of 2nd period - Wrist shot by Jeff Skinner.
0:28 of 2nd period - Stopped by Braden Holtby with a rebound.
0:30 of 2nd period - Snap shot by Dan Girardi.
0:30 of 2nd period - Stopped by Braden Holtby with a rebound.
0:32 of 2nd period - Snap shot by Dan Girardi.
0:32 of 2nd period - Stopped by Braden Holtby with a rebound.
0:34 of 2nd period - Slapshot by Dan Girardi.
0:34 of 2nd period - Stopped by Braden Holtby with a rebound.
0:36 of 2nd period - Backhand shot by Drew Doughty.
0:36 of 2nd period - Deflect By Jeff Skinner.
0:36 of 2nd period - Shot Misses the Net.
0:36 of 2nd period - Puck is out of play.
0:37 of 2nd period - Dominic Moore wins face-off versus Frans Nielsen in Islanders zone.
0:42 of 2nd period - Wrist shot by Dominic Moore.
0:42 of 2nd period - Stopped by Braden Holtby with a rebound.
0:44 of 2nd period - Snap shot by Dominic Moore.
0:44 of 2nd period - Shot Misses the Net.
1:02 of 2nd period - Rob Scuderi is hit by Jeff Skinner.
1:34 of 2nd period - Snap shot by Lauri Korpikoski.
1:34 of 2nd period - Deflect By Marcel Goc.
1:34 of 2nd period - Stopped by Cory Schneider without a rebound.
1:35 of 2nd period - Alexander Steen wins face-off versus Marcel Goc in MapleLeafs zone.
1:55 of 2nd period - Slapshot by Erik Karlsson.
1:55 of 2nd period - Stopped by Cory Schneider with a rebound.
2:15 of 2nd period - Slapshot by Jamie Benn.
2:15 of 2nd period - Shot Blocked by James van Riemsdyk.
2:17 of 2nd period - Snap shot by David Krejci.
2:17 of 2nd period - Shot Misses the Net.
2:19 of 2nd period - Slapshot by Dalton Prout.
2:19 of 2nd period - Shot Misses the Net.
2:21 of 2nd period - Wrist shot by Brandon Pirri.
2:21 of 2nd period - Stopped by Cory Schneider with a rebound.
2:23 of 2nd period - Wrist shot by Brandon Pirri.
2:23 of 2nd period - Shot Blocked by Dan Girardi.
2:25 of 2nd period - Wrist shot by Brandon Pirri.
2:25 of 2nd period - Shot Blocked by Dan Girardi.
2:27 of 2nd period - Slapshot by Travis Hamonic.
2:27 of 2nd period - Deflect By Jamie Benn.
2:27 of 2nd period - Stopped by Cory Schneider without a rebound.
2:28 of 2nd period - Mikko Koivu wins face-off versus Paul Gaustad in MapleLeafs zone.
2:43 of 2nd period - Paul Gaustad is hit by Morgan Rielly and loses puck.
4:53 of 2nd period - Marc-Edouard Vlasic is hit by Lauri Korpikoski and loses puck.
5:19 of 2nd period - Off-side.
5:20 of 2nd period - Dustin Brown wins face-off versus Mikko Koivu in neutral zone.
5:25 of 2nd period - Wrist shot by Patrik Berglund.
5:25 of 2nd period - Goal by Patrik Berglund - Islanders : 2 - MapleLeafs : 1.
5:26 of 2nd period - Mikko Koivu wins face-off versus Brandon Pirri in neutral zone.
5:29 of 2nd period - Snap shot by Drew Doughty.
5:29 of 2nd period - Shot Blocked by Rob Scuderi.
5:30 of 2nd period - Minor Penalty to Mikko Koivu for Roughing.
5:31 of 2nd period - David Krejci wins face-off versus Alexander Steen in MapleLeafs zone.
6:05 of 2nd period - Off-side.
6:06 of 2nd period - Frans Nielsen wins face-off versus Alexander Steen in neutral zone.
7:24 of 2nd period - Drew Doughty is hit by Erik Karlsson and loses puck.
7:30 of 2nd period - Penalty to Mikko Koivu is over, Mikko Koivu is back on ice.
8:25 of 2nd period - Wrist shot by Dustin Brown.
8:25 of 2nd period - Stopped by Cory Schneider without a rebound.
8:26 of 2nd period - Paul Gaustad wins face-off versus Dominic Moore in MapleLeafs zone.
8:47 of 2nd period - Wrist shot by Jeff Skinner.
8:47 of 2nd period - Stopped by Braden Holtby without a rebound.
8:48 of 2nd period - Alexander Steen wins face-off versus Frans Nielsen in Islanders zone.
9:33 of 2nd period - Wrist shot by Mikko Koivu.
9:33 of 2nd period - Shot Misses the Net.
9:35 of 2nd period - Snap shot by Dan Girardi.
9:35 of 2nd period - Shot Blocked by Carl Hagelin.
9:37 of 2nd period - Slapshot by Dan Girardi.
9:37 of 2nd period - Deflect By Tyler Ennis.
9:37 of 2nd period - Stopped by Braden Holtby without a rebound.
9:38 of 2nd period - David Krejci wins face-off versus Mikko Koivu in Islanders zone.
9:57 of 2nd period - Snap shot by Jamie Benn.
9:57 of 2nd period - Deflect By Brandon Pirri.
9:57 of 2nd period - Shot Blocked by Karl Alzner.
9:57 of 2nd period - Puck is out of play.
9:58 of 2nd period - Dominic Moore wins face-off versus Jamie Benn in MapleLeafs zone.
10:04 of 2nd period - Minor Penalty to David Krejci for Hooking.
10:05 of 2nd period - Paul Gaustad wins face-off versus Alexander Steen in Islanders zone.
10:05 of 2nd period - Paul Gaustad is hit by Dan Girardi.
10:14 of 2nd period - Erik Karlsson is hit by James van Riemsdyk.
10:37 of 2nd period - Wrist shot by James Neal.
10:37 of 2nd period - Stopped by Braden Holtby without a rebound.
10:38 of 2nd period - Paul Gaustad wins face-off versus Mikko Koivu in Islanders zone.
11:49 of 2nd period - Marcel Goc is hit by Marc-Edouard Vlasic and loses puck.
12:00 of 2nd period - David Booth is hit by Marc-Edouard Vlasic and loses puck.
12:04 of 2nd period - Penalty to David Krejci is over, David Krejci is back on ice.
12:13 of 2nd period - Karl Alzner is hit by David Krejci and loses puck.
12:45 of 2nd period - Dominic Moore is hit by Jamie Benn.
14:26 of 2nd period - Minor Penalty to David Booth for Roughing.
14:27 of 2nd period - Paul Gaustad wins face-off versus Justin Williams in Islanders zone.
15:20 of 2nd period - Marcel Goc is hit by James Neal and loses puck.
16:13 of 2nd period - Dan Girardi is hit by Lauri Korpikoski.
16:26 of 2nd period - Penalty to David Booth is over, David Booth is back on ice.
16:45 of 2nd period - Kyle Quincey is hit by Jeff Skinner and loses puck.
17:47 of 2nd period - Patrik Berglund is hit by Matt Beleskey and loses puck.
18:32 of 2nd period - Dainius Zubrus is hit by Jamie Benn and loses puck.
18:57 of 2nd period - James Neal is hit by Jamie Benn and loses puck.
19:59 of 2nd period - Minor Penalty to Carl Hagelin for Holding.
Goals for this period are 1 for Islanders vs 0 for MapleLeafs.
Shots for this period are 6 for Islanders vs 8 for MapleLeafs.

3rd period


0:01 of 3rd period - Alexander Steen wins face-off versus Paul Gaustad in neutral zone.
0:26 of 3rd period - Snap shot by Lauri Korpikoski.
0:26 of 3rd period - Shot Misses the Net.
0:28 of 3rd period - Snap shot by Paul Gaustad.
0:28 of 3rd period - Stopped by Cory Schneider with a rebound.
0:30 of 3rd period - Slapshot by Rob Scuderi.
0:30 of 3rd period - Stopped by Cory Schneider with a rebound.
0:32 of 3rd period - Wrist shot by Paul Gaustad.
0:32 of 3rd period - Shot Misses the Net.
0:34 of 3rd period - Snap shot by Lauri Korpikoski.
0:34 of 3rd period - Shot Misses the Net.
0:42 of 3rd period - Minor Penalty to James van Riemsdyk for Roughing.
0:43 of 3rd period - David Krejci wins face-off versus Alexander Steen in MapleLeafs zone.
1:20 of 3rd period - Snap shot by Jamie Benn.
1:20 of 3rd period - Stopped by Cory Schneider without a rebound.
1:21 of 3rd period - Alexander Steen wins face-off versus David Krejci in MapleLeafs zone.
1:59 of 3rd period - Penalty to Carl Hagelin is over, Carl Hagelin is back on ice.
2:08 of 3rd period - Slapshot by Marc-Edouard Vlasic.
2:08 of 3rd period - Shot Blocked by Rob Scuderi.
2:14 of 3rd period - Karl Alzner is hit by Travis Hamonic and loses puck.
2:19 of 3rd period - Slapshot by Erik Karlsson.
2:19 of 3rd period - Shot Misses the Net.
2:21 of 3rd period - Slapshot by Erik Karlsson.
2:21 of 3rd period - Deflect By Frans Nielsen.
2:21 of 3rd period - Goal by Frans Nielsen - Islanders : 3 - MapleLeafs : 1.
2:22 of 3rd period - Frans Nielsen wins face-off versus Zack Smith in neutral zone.
2:25 of 3rd period - Slapshot by Erik Karlsson.
2:25 of 3rd period - Stopped by Cory Schneider with a rebound.
2:51 of 3rd period - Snap shot by Brandon Prust.
2:51 of 3rd period - Shot Misses the Net.
2:53 of 3rd period - Slapshot by Dan Girardi.
2:53 of 3rd period - Stopped by Braden Holtby with a rebound.
2:55 of 3rd period - Snap shot by Dan Girardi.
2:55 of 3rd period - Shot Blocked by Carl Hagelin.
3:11 of 3rd period - Off-side.
3:12 of 3rd period - Paul Gaustad wins face-off versus Dominic Moore in neutral zone.
3:14 of 3rd period - Minor Penalty to Paul Gaustad for Hooking.
3:15 of 3rd period - David Krejci wins face-off versus Alexander Steen in Islanders zone.
4:42 of 3rd period - Off-side.
4:43 of 3rd period - Frans Nielsen wins face-off versus James van Riemsdyk in neutral zone.
5:14 of 3rd period - Penalty to Paul Gaustad is over, Paul Gaustad is back on ice.
5:24 of 3rd period - Lee Stempniak is hit by Erik Karlsson and loses puck.
5:31 of 3rd period - Backhand shot by Frans Nielsen.
5:31 of 3rd period - Shot Misses the Net.
5:33 of 3rd period - Backhand shot by Paul Gaustad.
5:33 of 3rd period - Shot Misses the Net.
5:35 of 3rd period - Snap shot by Travis Hamonic.
5:35 of 3rd period - Shot Blocked by Lee Stempniak.
5:51 of 3rd period - Kyle Quincey is hit by Karl Alzner and loses puck.
6:28 of 3rd period - Wrist shot by Matt Beleskey.
6:28 of 3rd period - Shot Blocked by Rob Scuderi.
6:32 of 3rd period - Wrist shot by Brandon Prust.
6:32 of 3rd period - Shot Blocked by Rob Scuderi.
6:34 of 3rd period - Wrist shot by Brandon Prust.
6:34 of 3rd period - Stopped by Braden Holtby without a rebound.
6:35 of 3rd period - Frans Nielsen wins face-off versus Zack Smith in Islanders zone.
6:44 of 3rd period - Snap shot by Matt Beleskey.
6:44 of 3rd period - Stopped by Braden Holtby with a rebound.
6:46 of 3rd period - Slapshot by Morgan Rielly.
6:46 of 3rd period - Stopped by Braden Holtby with a rebound.
7:06 of 3rd period - Snap shot by Brandon Prust.
7:06 of 3rd period - Stopped by Braden Holtby without a rebound.
7:07 of 3rd period - David Krejci wins face-off versus Alexander Steen in Islanders zone.
7:36 of 3rd period - Icing by Travis Hamonic.
7:37 of 3rd period - David Krejci wins face-off versus Mikko Koivu in Islanders zone.
7:56 of 3rd period - Dainius Zubrus is hit by Kyle Quincey and loses puck.
8:27 of 3rd period - Minor Penalty to Morgan Rielly for Interference.
8:28 of 3rd period - David Krejci wins face-off versus Alexander Steen in MapleLeafs zone.
8:55 of 3rd period - Snap shot by Jamie Benn.
8:55 of 3rd period - Deflect By Brandon Pirri.
8:55 of 3rd period - Shot Misses the Net.
8:55 of 3rd period - Puck is out of play.
8:56 of 3rd period - Alexander Steen wins face-off versus Frans Nielsen in MapleLeafs zone.
9:25 of 3rd period - Tyler Ennis is hit by Dan Girardi and loses puck.
10:00 of 3rd period - Jamie Benn is hit by Dan Girardi and loses puck.
10:13 of 3rd period - Dustin Brown is hit by Dominic Moore and loses puck.
10:27 of 3rd period - Penalty to Morgan Rielly is over, Morgan Rielly is back on ice.
12:54 of 3rd period - Wrist shot by Alexander Steen.
12:54 of 3rd period - Shot Misses the Net.
12:56 of 3rd period - Snap shot by Alexander Steen.
12:56 of 3rd period - Stopped by Braden Holtby with a rebound.
12:58 of 3rd period - Snap shot by James Neal.
12:58 of 3rd period - Stopped by Braden Holtby with a rebound.
13:20 of 3rd period - Kyle Quincey is hit by Lee Stempniak and loses puck.
13:59 of 3rd period - Rob Scuderi is hit by Erik Gudbranson and loses puck.
14:18 of 3rd period - Lauri Korpikoski is hit by Erik Gudbranson.
15:10 of 3rd period - Marc-Edouard Vlasic is hit by Dalton Prout and loses puck.
15:19 of 3rd period - Snap shot by Mikko Koivu.
15:19 of 3rd period - Deflect By Dainius Zubrus.
15:19 of 3rd period - Shot Misses the Net.
15:19 of 3rd period - Puck is out of play.
15:20 of 3rd period - Mikko Koivu wins face-off versus Marcel Goc in Islanders zone.
16:27 of 3rd period - Kyle Quincey is hit by Lee Stempniak and loses puck.
16:40 of 3rd period - Dan Girardi is hit by Travis Hamonic and loses puck.
16:46 of 3rd period - Off-side.
16:47 of 3rd period - Mikko Koivu wins face-off versus Paul Gaustad in neutral zone.
16:55 of 3rd period - Minor Penalty to Dalton Prout for Hooking.
16:56 of 3rd period - Paul Gaustad wins face-off versus Alexander Steen in Islanders zone.
16:56 of 3rd period - Paul Gaustad is hit by James Neal.
17:01 of 3rd period - Minor Penalty to Drew Doughty for Holding.
17:02 of 3rd period - David Krejci wins face-off versus Alexander Steen in MapleLeafs zone.
17:07 of 3rd period - Slapshot by Erik Karlsson.
17:07 of 3rd period - Stopped by Cory Schneider with a rebound.
17:51 of 3rd period - Slapshot by Erik Karlsson.
17:51 of 3rd period - Stopped by Cory Schneider with a rebound.
18:13 of 3rd period - Travis Hamonic is hit by Karl Alzner and loses puck.
18:24 of 3rd period - Snap shot by Dominic Moore.
18:24 of 3rd period - Stopped by Braden Holtby with a rebound.
18:26 of 3rd period - Snap shot by Mikko Koivu.
18:26 of 3rd period - Stopped by Braden Holtby with a rebound.
18:55 of 3rd period - Penalty to Dalton Prout is over, Dalton Prout is back on ice.
19:01 of 3rd period - Penalty to Drew Doughty is over, Drew Doughty is back on ice.
19:07 of 3rd period - Brandon Prust is hit by Mirco Mueller and loses puck.
19:14 of 3rd period - Snap shot by Dan Girardi.
19:14 of 3rd period - Shot Blocked by Frans Nielsen.
19:16 of 3rd period - Snap shot by Brandon Prust.
19:16 of 3rd period - Shot Misses the Net.
19:18 of 3rd period - Slapshot by Drew Doughty.
19:18 of 3rd period - Shot Blocked by Erik Karlsson.
19:20 of 3rd period - Slapshot by Drew Doughty.
19:20 of 3rd period - Deflect By Matt Beleskey.
19:20 of 3rd period - Shot Misses the Net.
19:20 of 3rd period - Puck is out of play.
19:21 of 3rd period - Zack Smith wins face-off versus Paul Gaustad in Islanders zone.
19:26 of 3rd period - Wrist shot by Matt Beleskey.
19:26 of 3rd period - Stopped by Braden Holtby with a rebound.
19:28 of 3rd period - Wrist shot by Brandon Prust.
19:28 of 3rd period - Shot Misses the Net.
19:30 of 3rd period - Slapshot by Drew Doughty.
19:30 of 3rd period - Deflect By Rob Scuderi.
19:30 of 3rd period - Stopped by Braden Holtby with a rebound.
19:32 of 3rd period - Snap shot by Brandon Prust.
19:32 of 3rd period - Shot Misses the Net.
19:34 of 3rd period - Snap shot by Karl Alzner.
19:34 of 3rd period - Stopped by Braden Holtby with a rebound.
19:36 of 3rd period - Snap shot by Brandon Prust.
19:36 of 3rd period - Shot Misses the Net.
19:38 of 3rd period - Slapshot by Zack Smith.
19:38 of 3rd period - Shot Blocked by Paul Gaustad.
19:40 of 3rd period - Slapshot by Karl Alzner.
19:40 of 3rd period - Stopped by Braden Holtby with a rebound.
19:42 of 3rd period - Wrist shot by Matt Beleskey.
19:42 of 3rd period - Shot Blocked by Mirco Mueller.
19:44 of 3rd period - Wrist shot by Brandon Prust.
19:44 of 3rd period - Shot Blocked by Rob Scuderi.
Goals for this period are 1 for Islanders vs 0 for MapleLeafs.
Shots for this period are 7 for Islanders vs 13 for MapleLeafs.